 Dungeon Crawl Stone Soup version 0.16-a0-326-g6f2d4d4 (webtiles) character file.

41 PolkaDot the Caller (level 3, 0/24 HPs)
             Began as a Vampire Summoner on Sept 4, 2014.
             Slain by Natasha (2 damage)
             ... on Level 3 of the Dungeon.
             The game lasted 00:03:19 (1487 turns).

PolkaDot the Caller (Vampire Summoner)              Turns: 1487, Time: 00:03:20

HP   0/24        AC  2     Str  7      XL: 3   Next: 32%
MP   4/6         EV 12     Int 18      God:
Gold 74          SH  0     Dex 14      Spells:  3 memorised,  0 levels left

rFire  . . .     SeeInvis +     c - +1 dagger (elec)
rCold  . . .     Clarity  .     a - +0 robe
rNeg   . . .     rCorr    .     (no shield)
rPois  .         rRot     .     (no helmet)
rElec  .         Spirit   .     (no cloak)
SustAb .         Warding  .     (no gloves)
rMut   .         Stasis   .     (no boots)
Gourm  .                        (no amulet)
MR     .....                    (no ring)
                                (no ring)

@: very slightly contaminated, regenerating quickly, not resistant to hostile
enchantments, unstealthy
A: fangs 3, see invisible, unbreathing
a: no special abilities


You were on level 3 of the Dungeon.
You were very full.

You visited 1 branch of the dungeon, and saw 3 of its levels.

You collected 74 gold pieces.

Inventory:

Hand weapons
 c - a +1 dagger of electrocution (weapon)
Armour
 a - a +0 robe (worn)
Scrolls
 f - a scroll of random uselessness {unknown}
 g - 2 scrolls of remove curse {unknown}
 h - a scroll of magic mapping {unknown}
 i - a scroll of identify {unknown}
 k - a scroll of teleportation {unknown}
Potions
 d - a potion of lignification {unknown}
 e - a potion of resistance {unknown}
 j - a potion of restore abilities {unknown}
 l - a potion of brilliance {unknown}
Books
 b - a book of Callings

   Spells                             Type                      Level
   *Summon Small Mammal               Summoning                    1
   *Call Imp                          Summoning                    2
   *Call Canine Familiar              Summoning                    3
   Summon Guardian Golem              Hexes/Summoning              4
   Summon Lightning Spire             Summoning/Air                4
   Summon Ice Beast                   Ice/Summoning                4


   Skills:
 - Level 2.1 Dodging
 - Level 3.0 Stealth
 - Level 2.0 Spellcasting
 * Level 5.2 Summonings


You couldn't memorise any spells.
You knew the following spells:

 Your Spells              Type           Power        Failure   Level  Hunger
a - Summon Small Mammal   Summ           ###.         1%          1    #......
d - Call Canine Familiar  Summ           ###.....     10%         3    ####...
s - Call Imp              Summ           ###.....     3%          2    ##.....


Dungeon Overview and Level Annotations

Branches:
Dungeon (3/15)

Altars:

Annotations:
D:3 Natasha


Innate Abilities, Weirdness & Mutations

Your natural rate of healing is unusually fast.
You have razor-sharp teeth.
You have supernaturally acute eyesight.
You can survive without breathing.


Message History

Natasha casts a spell.
The bat hits you but does no damage.
Natasha casts a spell.
Suddenly you are surrounded with a pale green light.
You hit the bat but do no damage. The bat closely misses you.
Natasha claws you.
* * * LOW HITPOINT WARNING * * *
You barely miss Natasha. Your bite misses Natasha.
Natasha is moderately wounded.
Natasha claws you.
* * * LOW HITPOINT WARNING * * *
Casting: Call Imp
Confirm with . or Enter, or press ? or * to list all spells.
You miscast Call Imp.
You are very lightly contaminated with residual magic.
The world appears momentarily distorted.
Natasha claws you!
* * * LOW HITPOINT WARNING * * *
Natasha claws you.
You die...

##### #####
....###...##
###.##.....#######
# #.##...........#
###.#......#####.#
..........## #.#
###.....### #.#
###....## #.#
.>..#.## #@#
#####.# #h# #.#
#...bg5..%# #+#
#.###.###.# #.#
#.# ... ..# ...


You could see Natasha, a shadow imp, a hobgoblin and a bat.

Vanquished Creatures
  A giant gecko (D:2)
  2 oozes
  4 bats
  2 giant cockroaches
  2 goblins
  7 hobgoblins
  2 giant newts (D:2)
  3 kobolds
  6 rats (D:1)
29 creatures vanquished.

Vanquished Creatures (collateral kills)
  A worm (D:2)
1 creature vanquished.

Vanquished Creatures (others)
  A crimson imp (D:2)
1 creature vanquished.

Grand Total: 31 creatures vanquished

Notes
Turn   | Place    | Note
--------------------------------------------------------------
     0 | D:1      | PolkaDot, the Vampire Summoner, began the quest for the Orb.
     0 | D:1      | Reached XP level 1. HP: 13/13 MP: 3/3
   317 | D:1      | Reached XP level 2. HP: 14/19 MP: 4/4
   796 | D:1      | Learned a level 2 spell: Call Imp
   931 | D:2      | Reached skill level 5 in Summonings
   931 | D:2      | Reached XP level 3. HP: 24/24 MP: 6/6
  1395 | D:2      | Learned a level 3 spell: Call Canine Familiar
  1473 | D:3      | Noticed Natasha
  1487 | D:3      | Slain by Natasha

Action                   || total
-------------------------++-------
Melee: Unarmed           ||    16
       Dagger            ||    61
 Cast: Summon Small Mamm ||     3
       Call Imp          ||     3
  Use: Potion            ||     1
 Stab: Sleeping          ||     1
  Eat: Corpse            ||    12
